 Dungeon Crawl Stone Soup version 0.28.0-53-g5a82cb258f (webtiles) character file.

Game seed: 15247518801806931549

10 protoss039 the Digger (level 2, -2/21 HPs)
             Began as a Demonspawn Earth Elementalist on June 14, 2022.
             Frozen to death by an endoplasm (3 damage)
             ... on level 2 of the Dungeon.
             The game lasted 00:01:59 (487 turns).

protoss039 the Digger (DsEE)                         Turns: 487, Time: 00:02:00

Health: -2/21      AC:  2    Str:  8    XL:     2   Next: 10%
Magic:  1/5        EV: 14    Int: 16    God:
Gold:   0          SH:  0    Dex: 13    Spells: 2/5 levels left

rFire   . . .      SeeInvis .   e - +0 club
rCold   . . .      Faith    .   (no shield)
rNeg    . . .      Spirit   .   b - +0 robe
rPois   .          Reflect  .   (no helmet)
rElec   .          Harm     .   (no cloak)
rCorr   .          Rampage  .   (no gloves)
Will    .....                   (no boots)
Stlth   ++........              (no amulet)
HPRegen 0.07/turn               (no ring)
MPRegen 0.09/turn               (no ring)

@: no status effects
A: repulsion field 1
a: no special abilities


You were on level 2 of the Dungeon.
You visited 1 branch of the dungeon, and saw 2 of its levels.

Inventory:

Hand Weapons
 e - a +0 club (weapon)
Missiles
 c - 22 stones
Armour
 a - a +0 pair of gloves
 b - a +0 robe (worn)
Scrolls
 d - a scroll of identify {unknown}


   Skills:
 * Level 1.0 Fighting
 + Level 0.3 Armour
 - Level 1.7 Dodging
 - Level 1.7 Stealth
 + Level 2.1 Spellcasting
 - Level 1.0 Transmutations
 + Level 2.8 Earth Magic


You had 2 spell levels left.
You knew the following spells:

 Your Spells              Type           Power      Damage    Failure   Level
a - Sandblast             Erth           20%        2d7       6%          1
b - Passwall              Tmut/Erth      5%         N/A       14%         2

Your spell library contained the following spells:

 Spells                   Type           Power      Damage    Failure   Level
 Stone Arrow              Conj/Erth      12%        3d7       34%         3
 Petrify                  Tmut/Erth      7%         N/A       67%         4


Dungeon Overview and Level Annotations

Branches:
Dungeon (2/15)

Altars:


Innate Abilities, Weirdness & Mutations

You are surrounded by a mild repulsion field. (EV +2)


Message History

Confirm with . or Enter, or press ? or * to list all spells.
Aiming: Sandblast (safe; 6% risk of failure)
Press: ? - help, Shift-Dir - straight line, f - dart slug
Aim: a dart slug (100% to hit)
The blast of sand hits the dart slug but does no damage.
The endoplasm quivers.
The dart slug launches a dart at you. The slug dart hits you.
Unknown command.
Casting: Sandblast (safe; 6% risk of failure)
Confirm with . or Enter, or press ? or * to list all spells.
Aiming: Sandblast (safe; 6% risk of failure)
Press: ? - help, Shift-Dir - straight line, f/p - dart slug
Aim: a dart slug (100% to hit)
The blast of sand hits the dart slug.
The dart slug is heavily wounded.
Unknown command.
Unknown command.
Casting: Sandblast (safe; 6% risk of failure)
Confirm with . or Enter, or press ? or * to list all spells.
You don't have enough magic to cast this spell.
Unknown command.
Unknown command.
You hit the dart slug but do no damage.
The dart slug is heavily wounded.
The dart slug closely misses you.
You hit the dart slug.
The dart slug is heavily wounded.
The endoplasm freezes you.
You are frozen.
* * * LOW HITPOINT WARNING * * *
The dart slug barely misses you.
You hit the dart slug.
The dart slug is severely wounded.
The endoplasm hits you.
* * * LOW HITPOINT WARNING * * *
The dart slug closely misses you. The endoplasm freezes you.
You are frozen.
You die...

#.>........#.### .
#...............
#.............##
#######..........#..##
#...........#.........
#..#######........(...
#..# #............ #)##
#P........... #.#
+...@J....... ##.##
#P...w....... #...#
#............
#...#######............
#......................
#...#####..###.....##..
#.### #.## ####### ##
#.#######.#####
#.............#


You could see a dart slug and an endoplasm.

Vanquished Creatures
  A worm (D:2)
  A bat (D:2)
  A goblin (D:2)
  A quokka (D:2)
  A ball python (D:2)
  2 kobolds
7 creatures vanquished.

Notes
Turn   | Place    | Note
-------+----------+-------------------------------------------
     0 | D:1      | protoss039 the Demonspawn Earth Elementalist began the
                  | quest for the Orb.
     0 | D:1      | Reached XP level 1. HP: 13/13 MP: 3/3
     0 | D:1      | Noticed a tentacled monstrosity
     1 | D:1      | Noticed a tentacled monstrosity
     3 | D:1      | Noticed a tentacled monstrosity
     8 | D:1      | Noticed a yellow draconian
    11 | D:1      | Noticed a green draconian
    13 | D:1      | Noticed an orb of fire
    13 | D:1      | Noticed a large abomination
    15 | D:1      | Noticed a green draconian
    15 | D:1      | Noticed a large abomination
    15 | D:1      | Noticed a tentacled monstrosity
    17 | D:1      | Noticed an ice dragon
    17 | D:1      | Noticed a large abomination
    19 | D:1      | Noticed an orb of fire
   146 | D:2      | Reached skill level 1 in Transmutations
   450 | D:2      | Gained mutation: You are surrounded by a mild repulsion
                  | field. (EV +2) [demonic ancestry]
   450 | D:2      | Reached XP level 2. HP: 12/20 MP: 0/5
   453 | D:2      | Learned a level 2 spell: Passwall
   480 | D:2      | Reached skill level 1 in Fighting
   487 | D:2      | HP: 1/21 [endoplasm (1)]
   487 | D:2      | Frozen to death by an endoplasm

Illustrated notes

Levels and vault maps discovered:
D:1:      shiori_arrival_whats_in_store_for_you, layout_basic
D:2:      layout_rooms, dreamdust_ecumenical_altar_sealed_demon,
          minmay_tetromino_s4

Skill      XL: |  1  2 |
---------------+-------+-----
Transmutations | 1 |  1.0
Fighting       | 1 |  1.0
Armour         | |  0.3
Dodging        | |  1.7
Stealth        | |  1.7
Spellcasting   | |  2.1
Earth Magic    | |  2.8

Action                   || total
-------------------------++-------
Melee: Short sword       ||    23
       Club              ||     5
 Cast: Sandblast         ||    13
Armor: Robe              ||    14
Dodge: Dodged            ||    44
